 Dungeon Sprint DCSS version 0.27.1-33-g824d729ab1 (webtiles) character file.

Game seed: 7394436920176087484

278 Adenis the Unseen (level 6, -3/48 HPs)
             Began as a Vampire Brigand on Dec 7, 2021.
             Splashed by a jelly's acid (9 damage)
             ... in the Dungeon (Sprint I: "Red Sonja").
             The game lasted 00:00:30 (52 turns).

Adenis the Unseen (Vampire Brigand)                   Turns: 52, Time: 00:00:32

Health: -3/48      AC: -5    Str: 10    XL:     6   Next: 5%
Magic:  6/6        EV: 12    Int: 13    God:
Gold:   162        SH:  0    Dex: 18    Spells: 5/5 levels left

rFire    . . .     SeeInvis +   a - +2 dagger
rCold    . . .     Faith    .   (no shield)
rNeg     . . .     Spirit   .   b - +0 robe
rPois    .         Reflect  .   (no helmet)
rElec    .         Harm     .   c - +0 cloak
rCorr    .         Rampage  .   (no gloves)
Will     .....     NoTele   +   (no boots)
Stlth    ++++++....             (no amulet)
HPRegen  0.36/turn              (no ring)
MPRegen  0.10/turn              (no ring)

@: corroded, on berserk cooldown, healing quickly, slowed, very slow
A: alive, fangs 3, see invisible, vampiric 2
a: Exsanguinate


You were in the Dungeon.
You visited 1 branch You collected 162 gold pieces.

Inventory:

Hand Weapons
 a - a +2 dagger (weapon)
Missiles
 d - 8 poisoned darts (quivered)
 e - 2 curare-tipped darts
Armour
 b - a +0 robe (worn)
 c - a +0 cloak (worn)
Wands
 l - a wand of flame (15)
Scrolls
 k - a scroll of blinking
Potions
 f - a potion of curing
 g - a potion of heal wounds
 h - a potion of haste
 i - 2 potions of magic


   Skills:
 + Level 3.8 Fighting
 + Level 5.2 Short Blades
 + Level 3.1 Throwing
 + Level 1.6 Dodging
 + Level 16.2 Stealth


You had 5 spell levels left.
You didn't know any spells.
Your spell library was empty.

Dungeon Overview and Level Annotations

Branches:
Dungeon (1/1)

Altars:
Sif Muna
Vehumet
Wu Jian


Innate Abilities, Weirdness & Mutations

Your natural rate of healing is accelerated.
You have razor-sharp teeth.
You have supernaturally acute eyesight. (SInv)
You are afflicted with vampirism and can become a bat while bloodless.


Message History

The door flies open with a bang!
You feel a strong urge to attack something.
Found 108 gold pieces.
You are no longer berserk.
You are exhausted.
You feel yourself slow down.
There is an open door here.
You now have 81 gold pieces (gained 27).
You now have 108 gold pieces (gained 27).
You now have 135 gold pieces (gained 27).
You now have 162 gold pieces (gained 27).
As you open the door, it creaks loudly!
Found 14 arrows and a hand axe.
Found two altars.
A jelly comes into view.
The jelly quivers.
There is an open door here.
Found a radiant altar of Vehumet.
You see here 14 arrows.
The jelly hits you but does no damage. The jelly closely misses you.
You see here a +0 hand axe.
You hit the jelly.
Your hands burn!
Your bite misses the jelly.
The jelly is lightly wounded.
The jelly closely misses you.
You hit the jelly.
Your hands burn!
The jelly is moderately wounded.
The jelly hits you. The acid corrodes you!
You are splashed with acid!
You hit the jelly.
Your hands burn!
The jelly is moderately wounded.
The jelly hits you.
You are splashed with acid!
You completely miss the jelly.
The jelly is moderately wounded.
The jelly hits you. The acid corrodes you!
You are splashed with acid!
* * * LOW HITPOINT WARNING * * *
You hit the jelly.
Your hands burn!
* * * LOW HITPOINT WARNING * * *
The jelly is heavily wounded.
The jelly barely misses you. The jelly hits you.
* * * LOW HITPOINT WARNING * * *
You are splashed with acid!
You die...

################
#<.#.)'..#.)'..#
#..'..#.)'..#..+
#..#####'#####'#
#..# #..# #(#
#..# #### #@#
#..# #_J+ #⌠⌠#
..._# ####
#_.#+# ##+


You could see a jelly.

Vanquished Creatures
  Sigmund (D)
  An ogre (D)
  Ijyb (D)
3 creatures vanquished.

Notes
Turn   | Place    | Note
-------+----------+-------------------------------------------
     0 | D        | Adenis the Vampire Brigand began the quest for the Orb.
     0 | D        | Reached XP level 1. HP: 16/16 MP: 1/1
     1 | D        | Noticed Ijyb
     4 | D        | Killed Ijyb
     5 | D        | Reached skill level 9 in Stealth
     5 | D        | Reached XP level 2. HP: 22/22 MP: 2/2
     7 | D        | Noticed an ogre
    10 | D        | Killed an ogre
    11 | D        | Reached skill level 12 in Stealth
    11 | D        | Gained mutation: You are afflicted with vampirism and can
                  | become a bat while bloodless. [Vampire growth]
    11 | D        | Reached XP level 3. HP: 29/29 MP: 3/3
    11 | D        | Reached XP level 4. HP: 35/35 MP: 4/4
    21 | D        | Noticed Sigmund
    31 | D        | Killed Sigmund
    32 | D        | Reached skill level 5 in Short Blades
    32 | D        | Reached skill level 16 in Stealth
    32 | D        | Reached XP level 5. HP: 42/42 MP: 5/5
    32 | D        | Reached XP level 6. HP: 48/48 MP: 6/6
    44 | D        | Found an ornate altar of the Wu Jian Council.
    44 | D        | Found a shimmering blue altar of Sif Muna.
    46 | D        | Found a radiant altar of Vehumet.
    52 | D        | Splashed by a jelly's acid

Illustrated notes

Levels and vault maps discovered:
D:        dungeon_sprint_1 [red_sonja_temple_1, red_sonja_temple_small_1]

Skill      XL: |  1  2  3  4 |
---------------+-------------+-----
Fighting       | 2 3 |  3.8
Short Blades   | 3 4 5 |  5.2
Throwing       | 2 3 |  3.1
Stealth        | 9 12 16 | 16.2
Dodging        | |  1.6

Action                   |  1- 3 |  4- 6 || total
-------------------------+-------+-------++-------
Melee: Dagger            |     2 |    12 ||    14
       Bite              |       |     2 ||     2
  Use: Potion            |       |     1 ||     1
 Stab: Sleeping          |     2 |       ||     2
Armor: Robe              |       |     1 ||     1
Dodge: Dodged            |       |     6 ||     6
